Map: Acropolis LE

Players

disregard

  • Race: Zerg Zerg
  • Spawn Location: 5:00

TiPtOP - Winner!

  • Race: Terran Terran
  • League: Silver
  • Spawn Location: 11:00

VOD

Have the link to the VOD?

Description

Time

  • Played on: Aug. 13, 2019, 7:35 a.m.
  • Length: 9:39
Show
View Real Time Build Order
Export as new Build Order

disregard Zerg 

Build Orders: Pool First 

Get SALT Encoding   

  12  0:06  Drone  
  13  0:10  Drone  
  14  0:17  Overlord  
  14  0:25  Overlord  
  14  0:34  Overlord  
  14  0:46  Drone  
  15  1:05  Drone x2  
  15  1:10  Extractor  
  16  1:13  Extractor  
  16  1:14  Drone  
  16  1:24  Drone  
  17  1:43  Overlord  
  17  1:45  Drone  
  18  1:53  Spawning Pool  
  17  1:57  Drone  
  18  2:07  Drone  
  19  2:17  Drone  
  20  2:40  Zergling x4  
  20  2:42  Metabolic Boost  
  22  2:48  Lair  
  22  2:49  Evolution Chamber  
  21  2:54  Drone  
  22  3:02  Zergling x2  
  23  3:11  Zergling x2  
  24  3:23  Zergling x2  
  25  3:35  Zergling x2  
  26  3:43  Drone  
  27  3:51  Queen  
  27  3:53  Spire  
  27  3:54  Drone  
  29  4:12  Drone  
  29  4:16  Zerg Melee Weapons Level 1  
  30  4:20  Zergling x2  
  31  4:36  Zergling x4  
  31  4:37  Hatchery  
  32  4:52  Zergling x2  
  28  5:40  Mutalisk x3  
  28  5:41  Mutalisk  
  34  5:50  Queen  
  34  5:52  Drone  
  34  5:56  Overlord  
  37  6:11  Drone  
  37  6:15  Mutalisk x2  
  42  6:22  Drone x2  
  44  6:32  Drone x3  
  47  6:38  Drone  
  48  6:48  Mutalisk  
  48  6:49  Mutalisk x3  
  56  6:56  Zerg Missile Weapons Level 1  
  56  7:04  Drone  
  56  7:05  Drone x3  
  60  7:09  Extractor  
  60  7:12  Extractor  
  60  7:13  Hatchery  
  60  7:15  Zergling x4  
  18  8:21  Drone x3  
  21  8:27  Drone  
  21  8:29  Queen  
  21  8:31  Queen  
  26  8:37  Drone x2  
  20  9:11  Mutalisk  
  20  9:12  Mutalisk x2  
Show
View Real Time Build Order
Export as new Build Order

TiPtOP Terran - Winner!

Build Orders:  

Get SALT Encoding   

  12  0:00  SCV  
  13  0:13  SCV  
  14  0:17  Supply Depot  
  14  0:28  SCV  
  15  0:41  SCV  
  16  0:45  Barracks  
  16  0:53  SCV  
  17  1:04  Refinery  
  17  1:05  SCV  
  18  1:17  SCV  
  19  1:37  Command Center, Orbital Command  
  19  1:41  Marine  
  20  1:56  Supply Depot  
  20  2:07  SCV  
  21  2:12  Barracks Reactor  
  21  2:28  Barracks  
  21  2:35  SCV  
  22  2:47  SCV  
  23  2:53  Supply Depot  
  23  2:54  SCV  
  24  2:58  Marine x2  
  24  2:59  SCV  
  27  3:06  SCV  
  28  3:16  Factory, Barracks Tech Lab  
  28  3:17  Marine x2  
  30  3:28  SCV x2  
  32  3:38  Marine  
  32  3:39  Marine  
  32  3:40  SCV x2, Marauder  
  38  3:42  Stimpack  
  38  3:49  Supply Depot  
  38  3:56  Barracks  
  38  3:59  Marine  
  38  4:00  Marine  
  38  4:01  Marauder  
  42  4:12  Starport, Supply Depot  
  42  4:19  Refinery, SCV  
  42  4:22  Orbital Command  
  44  4:31  SCV  
  44  4:32  Marine x2, Marauder  
  44  4:33  Factory Reactor  
  48  4:50  Marine x2  
  50  5:11  Marine x2  
  50  5:12  Marine  
  54  5:15  Barracks Reactor  
  53  5:25  Factory Tech Lab  
  52  5:30  Marauder  
  51  5:52  Marauder  
  53  6:05  SCV x2  
  53  6:06  Marine x4  
  53  6:08  Medivac  
  61  6:13  Marauder  
  61  6:17  SCV x2  
  65  6:26  Marine x3  
  65  6:28  Marine  
  69  6:37  Supply Depot x2  
  69  6:44  Marine  
  70  6:59  Marauder, Supply Depot  
  72  7:06  Supply Depot  
  72  7:07  Marine  
  72  7:08  Marine x3  
  76  7:10  Siege Tank  
  79  7:20  Marauder  
  81  7:25  Supply Depot  
  79  7:41  Marauder  
  79  7:43  Siege Tank  
  63  7:55  Marine  
  63  7:56  Marine x3  
  61  8:03  Marauder  
  55  8:13  Marine x3  
  55  8:14  Marine  
  55  8:15  Siege Tank  
  60  8:23  Marine  
  61  8:31  Marine x3  
  64  8:36  Marine  
  64  8:37  Engineering Bay  
  65  8:41  Marine  
  65  8:43  SCV  
  65  8:44  SCV  
  65  8:47  Siege Tank  
  71  8:49  Marine x3  
  71  8:53  Engineering Bay  
  71  8:54  Marine  
  71  8:55  SCV  
  71  8:56  SCV  
  71  8:59  Marine  
Tags
 
Add a new tag
Caveats
  • Supply blocks, unpowered buildings, or Contaminate may cause inaccurate times.
  • Supply counts are checked every 10 seconds.